 Dungeon Crawl Stone Soup version 0.18-a0-1542-g9c1a92e (webtiles) character file.

42032 Kidiri the Thaumaturge (level 13, -2/74 HPs)
             Began as a Deep Elf Fire Elementalist on Mar 10, 2016.
             Was a High Priest of Vehumet.
             Slain by a hill giant
             ... wielding a +0 giant club
              (16 damage)
             ... on level 2 of the Orcish Mines.
             The game lasted 02:08:17 (27171 turns).

Kidiri the Thaumaturge (DEFE)                      Turns: 27171, Time: 02:08:17

Health: -2/74      AC: 15    Str:  5    XL:     13   Next: 83%
Magic:  26/32      EV: 20    Int: 31    God:    Vehumet [*****.]
Gold:   1625       SH:  6    Dex: 15    Spells: 8 memorised, 6 levels left

rFire  . . .     SeeInvis .     C - +2 short sword (flame)
rCold  . . .     Gourm    .     P - +0 steam dragon armour
rNeg   . . .     Faith    .     (no shield)
rPois  .         Spirit   .     e - +1 hat
rElec  +         Dismiss  .     (no cloak)
rCorr  .         Reflect  +     A - +0 pair of gloves
SustAt .         Harm     .     I - +0 pair of boots
MR     +....     Rnd*Rage +     u - +6 amulet of reflection
Stlth  ++++...... Rnd*Tele +    a - +5 ring of protection
                                l - +5 ring of intelligence

@: very slightly contaminated, somewhat resistant to hostile enchantments,
stealthy
A: molten scales 1, berserk 1, electricity resistance, teleportitis 1, wild
magic 1
a: Renounce Religion


You were on level 2 of the Orcish Mines.
You worshipped Vehumet.
Vehumet was extremely pleased with you.
You were not hungry.

You visited 4 branches of the dungeon, and saw 21 of its levels.

You collected 2016 gold pieces.
You spent 391 gold pieces at shops.

Inventory:

Hand Weapons
 C - a +2 short sword of flaming (weapon)
Missiles
 q - 3 throwing nets (quivered)
Armour
 e - a +1 hat (worn)
 g - a +0 large shield
 v - a +0 robe of magic resistance
 y - a +0 robe of fire resistance
 A - a +0 pair of gloves (worn)
 I - a +0 pair of boots (worn)
 N - a +0 shield
 P - a +0 steam dragon armour (worn)
 V - a +2 robe of positive energy
Jewellery
 a - a +5 ring of protection (right hand)
 l - a +5 ring of intelligence (left hand)
 u - a +6 amulet of reflection (around neck)
 L - an uncursed amulet of regeneration
 O - an uncursed ring of see invisible
 Q - an uncursed ring of protection from fire
Wands
 i - a wand of polymorph (10/24)
 j - a wand of teleportation (3/9)
 k - a wand of iceblast (1/15)
 o - a wand of lightning (2/15)
 B - a wand of acid (2/15)
 S - a wand of flame (26/48)
 T - a wand of random effects (21/48)
 U - a wand of paralysis (11/24)
Scrolls
 f - 6 scrolls of remove curse
 n - 3 scrolls of teleportation
 x - a scroll of fear
 z - a scroll of holy word
 D - 2 scrolls of fog
 E - 2 scrolls of amnesia
 G - a scroll of recharging
 M - 2 scrolls of magic mapping
Potions
 h - a potion of haste
 m - 3 potions of flight
 p - 4 potions of ambrosia
 r - 2 potions of berserk rage
 s - 6 potions of curing
 w - 3 potions of resistance
 K - a potion of brilliance
 R - 2 potions of invisibility
Books
 d - a book of Annihilations

   Spells                             Type                      Level
   a - Poison Arrow                   Conjuration/Poison           6
   b - Chain Lightning                Conjuration/Air              8
   c - Lehudib's Crystal Spear        Conjuration/Earth            8
   d - Glaciate                       Conjuration/Ice              9
   e - Fire Storm                     Conjuration/Fire             9
Comestibles
 b - 2 fruits
 c - 10 bread rations
 t - 8 meat rations
 F - 4 chunks of flesh


   Skills:
 + Level 5.8 Fighting
 + Level 5.8 Armour
 * Level 12.3 Dodging
 + Level 9.2 Stealth
 + Level 5.7 Shields
 * Level 13.0 Spellcasting
 + Level 7.4 Conjurations
 + Level 8.5 Hexes
 + Level 8.4 Fire Magic
 + Level 4.5 Air Magic
 + Level 6.8 Poison Magic


You had 6 spell levels left.
You knew the following spells:

 Your Spells              Type           Power        Failure   Level  Hunger
a - Flame Tongue          Conj/Fire      #####        1%          1    None
b - Throw Flame           Conj/Fire      ######       1%          2    None
c - Conjure Flame         Conj/Fire      #######.     1%          3    None
d - Inner Flame           Hex/Fire       #######.     1%          3    None
e - Sticky Flame          Conj/Fire      #######.     1%          4    None
f - Fireball              Conj/Fire      #######...   1%          5    None
g - Poison Arrow          Conj/Pois      #######...   11%         6    ####...
h - Chain Lightning       Conj/Air       ######....   100%        8    #######


Dungeon Overview and Level Annotations

Branches:
Dungeon (10/15)            Temple (1/1) D:7            Lair (8/8) D:10
  Swamp (0/4) Lair:4       Spider (0/4) Lair:3          Orc (2/2) D:10
    Elf (0/3) Orc:2
  Slime: Lair:6-8

Altars:
Ashenzari
Cheibriados
Dithmenos
Elyvilon
Fedhas
Gozag
Kikubaaqudgha
Makhleb
Nemelex Xobeh
Okawaru
Pakellas
Qazlal
Ru
Sif Muna
Trog
Vehumet
Xom
Yredelemnul
Zin
The Shining One
Beogh

Shops:
D:4 :   D:9 !   Orc:2 %:[%*


Innate Abilities, Weirdness & Mutations

You are partially covered in molten scales (AC +1).
You tend to lose your temper in combat.
You are resistant to electric shocks.
You are occasionally teleported next to monsters.
Your spells are a little harder to cast, but a little more powerful.


Message History

You hear a shout!
The orc priest invokes the aid of Beogh against you.
Beogh smites you!
* * * LOW HITPOINT WARNING * * *
The orc wizard looks braver for a moment.
Unknown command.
An orc wizard comes into view. It is wielding a dagger.
Things that are here:
a plate armour; a short sword Some of the chunks of flesh in your inventory have rotted away.
Casting: Poison Arrow
Confirm with . or Enter, or press ? or * to list all spells.
Aiming: Poison Arrow
Press: ? - help, Shift-Dir - straight line, f - hill giant
Aim: a hill giant, wielding a giant club (hasn't noticed you)
The poison arrow hits the hill giant.
The hill giant is poisoned.
The hill giant is moderately wounded.
The hill giant shouts!
The hill giant hits you with a giant club!
You die...

##.........####...##
#..........###....####
##..........##.)....#.##
#...........###.##....§#.# oo
#...#.#........o.#....#§)§##..
#......#.............###§#oo.[
##............[..[...###oOo...
#...........C.......##..OO...
##....(<[...@[#....o.##.oooo.
#.....[.....#......).#.#....
##...##.............#.......
####..........#.#.###......
##.............#### #.....∩
#........#.##.## ##..)..
##.......###### ......
##.....## #...... ###...##
##...#.


You could see a hill giant and an orc wizard.

Vanquished Creatures
  Gastronok (D:8)
  An orc warlord (Orc:2)
  Snorg (Lair:6)
  Josephine (Lair:4)
  An ice dragon (Lair:7)
  Erica (D:8)
  2 hydras
  3 death yaks
  2 orc knights
  2 hill giants (D:10)
  Pikel (D:6)
  A wolf spider (Lair:3)
  3 orc sorcerers (Orc:1)
  4 elephants (Lair:6)
  3 black mambas
  A torpor snail (Lair:7)
  10 spiny frogs
  A gargoyle (D:10)
  6 komodo dragons
  A polar bear (Lair:4)
  3 trolls
  2 jumping spiders (Lair:3)
  4 two-headed ogres
  2 boulder beetles
  4 blink frogs
  2 redbacks (Lair:3)
  Sigmund (D:4)
  3 wyverns
  3 wraiths
  45 yaks
  A basilisk (D:10)
  Eustachio (D:6)
  3 wolves (Lair:3)
  2 hippogriffs
  2 steam dragons (D:9)
  Menkaure (D:7)
  An insubstantial wisp (Lair:4)
  19 water moccasins
  12 porcupines
  9 orc warriors
  2 slaves (D:6)
  3 ice beasts
  A sky beast (D:8)
  4 ogres
  13 crocodiles
  A big kobold (D:9)
  16 giant frogs
  A gnoll sergeant (D:9)
  A water moccasin zombie (D:9)
  A wyvern skeleton (D:10)
  A water moccasin skeleton (D:7)
  A scorpion (D:9)
  9 killer bees
  2 howler monkeys (D:6)
  4 electric eels (Lair:3)
  A giant frog zombie (D:5)
  3 crimson imps
  2 quasits
  6 hounds
  9 orc priests
  A centaur skeleton (D:8)
  A giant frog skeleton (D:8)
  Jessica (D:2)
  5 iguanas
  9 orc wizards
  7 worker ants
  12 sheep
  3 hound skeletons
  12 adders
  2 howler monkey skeletons
  17 gnolls
  15 river rats
  A shadow imp (D:7)
  An ooze (D:5)
  An adder zombie (D:5)
  5 worms
  3 dart slugs
  2 giant geckos
  56 orcs
  15 bats
  7 giant cockroaches
  4 hobgoblins
  12 jackals
  3 quokkas
  3 ball pythons
  A giant cockroach zombie (D:5)
  A giant gecko skeleton (D:8)
  7 giant newts
  6 goblins
  A jackal zombie (D:6)
  12 kobolds
  11 rats
  A butterfly (Lair:7)
485 creatures vanquished.

Vanquished Creatures (others)
  A human (D:3)
  2 centaurs
  An adder (D:6)
  A fire vortex (D:9)
  19 fungi
  9 plants
33 creatures vanquished.

Grand Total: 518 creatures vanquished

Notes
Turn   | Place    | Note
--------------------------------------------------------------
     0 | D:1      | Kidiri the Deep Elf Fire Elementalist began the quest for the Orb.
     0 | D:1      | Reached XP level 1. HP: 10/10 MP: 6/6
   245 | D:1      | Reached XP level 2. HP: 15/15 MP: 4/8
   249 | D:1      | Learned a level 2 spell: Throw Flame
  1049 | D:2      | Found a bloodstained altar of Trog.
  1077 | D:2      | Reached XP level 3. HP: 20/20 MP: 7/10
  1082 | D:2      | Learned a level 3 spell: Conjure Flame
  1086 | D:2      | Learned a level 3 spell: Inner Flame
  1295 | D:2      | Reached skill level 1 in Fighting
  1757 | D:2      | Noticed Jessica
  1760 | D:2      | Killed Jessica
  1760 | D:2      | Reached skill level 1 in Armour
  1760 | D:2      | Reached XP level 4. HP: 25/25 MP: 5/11
  2851 | D:3      | Reached XP level 5. HP: 29/29 MP: 6/12
  2940 | D:3      | Noticed an orc warrior
  2947 | D:3      | Killed an orc warrior
  2947 | D:3      | Reached skill level 1 in Shields
  2947 | D:3      | Reached skill level 4 in Spellcasting
  2947 | D:3      | Reached skill level 1 in Hexes
  3212 | D:3      | Found an ancient bone altar of Kikubaaqudgha.
  3215 | D:3      | Noticed a human
  3217 | D:3      | Killed a human
  3796 | D:4      | Reached XP level 6. HP: 34/34 MP: 14/14
  3946 | D:4      | Learned a level 4 spell: Sticky Flame
  4182 | D:4      | Noticed Sigmund
  4183 | D:4      | Found Rosamn's Book Shop.
  4195 | D:4      | Killed Sigmund
  4985 | D:5      | Entered Level 5 of the Dungeon
  5233 | D:5      | Reached XP level 7. HP: 39/39 MP: 4/16
  5567 | D:5      | Reached skill level 5 in Spellcasting
  5568 | D:5      | Reached skill level 5 in Dodging
  6721 | D:5      | Reached XP level 8. HP: 26/44 MP: 18/18
  6853 | D:5      | Learned a level 5 spell: Fireball
  7329 | D:6      | Noticed Pikel
  7346 | D:6      | Killed Pikel
  7346 | D:6      | Reached skill level 6 in Spellcasting
  7568 | D:6      | Found a shattered altar of Ashenzari.
  7698 | D:6      | Found a stormy altar of Qazlal.
  7877 | D:6      | Found a glowing golden altar of the Shining One.
  7897 | D:6      | Noticed Eustachio
  7948 | D:6      | Killed Eustachio
  8094 | D:6      | Reached skill level 7 in Spellcasting
  8094 | D:6      | Reached XP level 9. HP: 45/49 MP: 16/21
  8174 | D:6      | Reached skill level 5 in Stealth
  8840 | D:7      | Reached skill level 5 in Fire Magic
  9164 | D:7      | Found a staircase to the Ecumenical Temple.
  9170 | Temple   | Entered the Ecumenical Temple
  9261 | Temple   | Became a worshipper of Vehumet
  9519 | D:7      | Noticed Menkaure
  9525 | D:7      | Killed Menkaure
  9525 | D:7      | Reached skill level 5 in Hexes
  9987 | D:8      | Reached skill level 8 in Spellcasting
  9998 | D:8      | Gained mutation: You tend to lose your temper in combat. [mutagenic meat]
  9999 | D:8      | Gained mutation: Your spells are a little harder to cast, but a little more powerful. [mutagenic meat]
 10000 | D:8      | Gained mutation: You are resistant to electric shocks. [mutagenic meat]
 10009 | D:8      | Learned a level 6 spell: Poison Arrow
 10127 | D:8      | Noticed Gastronok
 10153 | D:8      | HP: 2/51 [Gastronok (20)]
 10155 | D:8      | Killed Gastronok
 10155 | D:8      | Reached XP level 10. HP: 32/56 MP: 7/24
 10302 | D:8      | Noticed Erica
 10313 | D:8      | Killed Erica
 10313 | D:8      | Reached skill level 9 in Spellcasting
 10591 | D:8      | Identified a -1 rod of shadows (14/14) (You found it on level 8 of the Dungeon)
 11603 | D:8      | Reached * piety under Vehumet
 11603 | D:8      | Offered knowledge of Magic Dart by Vehumet.
 11848 | D:9      | Found Ciapostro's Distillery.
 11876 | D:9      | Bought a potion of magic for 136 gold pieces
 11876 | D:9      | Bought a potion of heal wounds for 85 gold pieces
 11876 | D:9      | Bought a potion of brilliance for 68 gold pieces
 11876 | D:9      | Bought a potion of curing for 51 gold pieces
 11876 | D:9      | Bought a potion of curing for 51 gold pieces
 12881 | D:10     | Entered Level 10 of the Dungeon
 13005 | D:10     | Noticed a hill giant
 13022 | D:10     | Killed a hill giant
 13022 | D:10     | Reached skill level 5 in Conjurations
 13310 | D:10     | Offered knowledge of Shock by Vehumet.
 13345 | D:10     | Reached ** piety under Vehumet
 13345 | D:10     | Reached XP level 11. HP: 31/60 MP: 13/26
 13350 | D:10     | Learned a level 1 spell: Shock
 13683 | D:10     | Found a staircase to the Orcish Mines.
 13999 | D:10     | Found a staircase to the Lair.
 14537 | D:10     | Noticed a hill giant
 14555 | D:10     | Killed a hill giant
 14623 | Lair:1   | Entered Level 1 of the Lair of Beasts
 14860 | Lair:1   | Reached skill level 10 in Dodging
 15020 | Lair:1   | Reached skill level 1 in Air Magic
 15222 | Lair:1   | Reached skill level 10 in Spellcasting
 15276 | Lair:1   | Gained mutation: You are partially covered in molten scales (AC +1). [potion of mutation]
 15276 | Lair:1   | Gained mutation: You are occasionally teleported next to monsters. [potion of mutation]
 15710 | Lair:2   | Got a shimmering scale mail
 15721 | Lair:2   | Identified the cursed +0 scale mail of Hadjma {rPois rF+ Dex+10 Stlth-} (You found it on level 2 of the Lair of Beasts)
 17763 | Lair:3   | Noticed a wolf spider
 17784 | Lair:3   | Killed a wolf spider
 17804 | Lair:3   | Reached XP level 12. HP: 22/67 MP: 12/28
 17893 | Lair:3   | Learned a level 8 spell: Chain Lightning
 17991 | Lair:3   | Found a hole to the Spider Nest.
 18407 | Lair:4   | Found a staircase to the Swamp.
 18407 | Lair:4   | Noticed Josephine
 18410 | Lair:4   | Reached skill level 5 in Armour
 18421 | Lair:4   | Killed Josephine
 18421 | Lair:4   | Offered knowledge of Dazzling Spray by Vehumet.
 18421 | Lair:4   | Reached skill level 11 in Spellcasting
 18421 | Lair:4   | Reached skill level 5 in Poison Magic
 18844 | Lair:4   | Noticed a five-headed hydra
 18855 | Lair:4   | Killed a five-headed hydra
 19156 | Lair:4   | Noticed a death yak
 19672 | Lair:4   | Reached *** piety under Vehumet
 19952 | Lair:4   | Noticed a death yak
 19955 | Lair:4   | Killed a death yak
 20016 | Lair:3   | Killed a death yak
 20836 | Lair:5   | Noticed a four-headed hydra
 20866 | Lair:5   | Killed a four-headed hydra
 20866 | Lair:5   | Reached skill level 5 in Fighting
 21513 | Lair:6   | Offered knowledge of Airstrike by Vehumet.
 21513 | Lair:6   | Reached skill level 5 in Shields
 21862 | Lair:6   | Found a radiant altar of Vehumet.
 21907 | Lair:6   | Noticed Snorg
 22116 | Lair:6   | Killed Snorg
 22404 | Lair:6   | Reached skill level 12 in Spellcasting
 22678 | Lair:6   | Reached XP level 13. HP: 72/72 MP: 8/31
 23120 | Lair:7   | Reached **** piety under Vehumet
 23580 | Lair:7   | Offered knowledge of Throw Icicle by Vehumet.
 25163 | Lair:8   | Entered Level 8 of the Lair of Beasts
 25644 | Orc:1    | Entered Level 1 of the Orcish Mines
 25703 | Orc:1    | Reached ***** piety under Vehumet
 25710 | Orc:1    | Offered knowledge of Fulminant Prism by Vehumet.
 26352 | Orc:2    | Entered Level 2 of the Orcish Mines
 26506 | Orc:2    | Found a staircase to the Elven Halls.
 26620 | Orc:2    | Found Mouhoerr's Food Shop.
 26689 | Orc:2    | Found Xyarche's Food Shoppe.
 26689 | Orc:2    | Found Jaraerr's Book Shop.
 26695 | Orc:2    | Found a roughly hewn altar of Beogh.
 26747 | Orc:2    | Found Mykesid's Assorted Antiques.
 26748 | Orc:2    | Found Cexe's Antique Armour Emporium.
 27147 | Orc:2    | Noticed an orc warlord
 27161 | Orc:2    | Killed an orc warlord
 27161 | Orc:2    | Reached skill level 13 in Spellcasting
 27171 | Orc:2    | Slain by a hill giant

Vault maps used:
D:1:      lightli_arrival_lavapool, minmay_misc_feat_cross
D:2:      bloody_trog, uniq_jessica
D:3:      first_bread, tgw_kikubaaqudgha
D:4:      serial_shops, shop, uniq_sigmund
D:6:      minitemple, evilmike_ruin_ashenzari, uniq_pikel, uniq_eustachio
D:7:      minmay_temple_entry_fiery, uniq_menkaure
D:8:      uniq_gastronok, uniq_erica
D:9:      kennysheep_steamy, serial_shops, shop
D:10:     dpeg_lair_monsters, orc_0_dummy
Temple:   kilobyte_greek_temple_18
Lair:2:   grunt_megastairs_3, lemuel_fruit_tree
Lair:3:   spider_nest_entry_funnel_web, serial_bayou_lagoon_b,
          bh_autumn_forest_stairs, serial_bayou_shore_a
Lair:4:   swamp_mist, grunt_forest_small_clearings, beast_lair_carwin_6,
          infiniplex_staircase_pool, grunt_megastairs_1, uniq_josephine
Lair:5:   st_stairs_4
Lair:6:   basic_altar, st_stairs_9, uniq_snorg
Lair:7:   dragon1_lemuel, infiniplex_staircase_pool_2, lemuel_fruit_fields
Lair:8:   evilmike_catoblepas_cave, nicolae_slime_entry_slimehenge, st_stairs_11
Orc:2:    st_orc_open, serial_shops, shop, mines1_david

Skill      XL: |  1  2  3  4  5  6  7  8  9 10 11 12 13 |
---------------+----------------------------------------+-----
Fighting       | 1 2 3 4 5 |  5.8
Stealth        | 3 4 6 7 8 9 |  9.2
Armour         | 1 2 3 4 5 |  5.8
Dodging        | 3 4 5 6 8 9 10 11 12 | 12.3
Shields        | 1 2 3 4 5 |  5.7
Spellcasting   | 4 5 7 8 9 10 12 13 | 13.0
Hexes          | 1 2 4 5 6 7 8 |  8.5
Fire Magic     | 4 5 6 7 8 |  8.4
Conjurations   | 2 3 4 5 6 7 |  7.4
Poison Magic   | 2 4 5 6 |  6.8
Air Magic      | 2 3 4 |  4.5

Action                   |  1- 3 |  4- 6 |  7- 9 | 10-12 | 13-15 || total
-------------------------+-------+-------+-------+-------+-------++-------
Melee: Unarmed           |    17 |       |       |       |       ||    17
       Dagger            |     5 |    29 |   206 |       |       ||   240
       Short sword       |       |       |    14 |    53 |    19 ||    86
Throw: Throwing net      |       |     1 |    10 |       |       ||    11
 Cast: Flame Tongue      |    63 |    57 |   165 |   334 |    82 ||   701
       Throw Flame       |    10 |    27 |    48 |   114 |    22 ||   221
       Inner Flame       |       |     3 |     7 |     5 |     6 ||    21
       Conjure Flame     |       |     2 |     4 |    19 |     2 ||    27
       Sticky Flame      |       |     1 |    10 |    47 |    18 ||    76
       Fireball          |       |       |     3 |    12 |    18 ||    33
       Poison Arrow      |       |       |       |    24 |    60 ||    84
Evoke: Wand              |       |       |     5 |     1 |       ||     6
  Use: Scroll            |     3 |     7 |    11 |    12 |     5 ||    38
       Potion            |       |       |     3 |     4 |     3 ||    10
 Stab: Sleeping          |     3 |     8 |     2 |     9 |       ||    22
       Held in net/web   |       |     1 |       |       |       ||     1
  Eat: Chunk             |     1 |     5 |    14 |    16 |    12 ||    48
       Meat ration       |     1 |     1 |       |       |     1 ||     3
       Fruit             |       |       |     9 |    21 |     9 ||    39
       Beef jerky        |       |       |     1 |     1 |       ||     2
       Pizza             |       |       |     1 |     1 |       ||     2
       Royal jelly       |       |       |       |     1 |       ||     1
